 Dungeon Crawl Stone Soup version 0.30.0-29-ga12c61a403 (webtiles) character file.

Game seed: 12996253039665544600

42 JMMCWHIRT the Cudgeller (level 3, -8/33 HPs)
             Began as a Minotaur Chaos Knight on June 5, 2023.
             Was a Plaything of Xom.
             Mangled by Crazy Yiuf the harpy (shapeshifter) (10 damage)
             ... on level 2 of the Dungeon.
             The game lasted 00:03:38 (1426 turns).

JMMCWHIRT the Cudgeller (Minotaur Chaos Knight)     Turns: 1426, Time: 00:03:39

Health: -8/33      AC:  8    Str: 16    XL:     3   Next: 35%
Magic:  2/2        EV: 11    Int:  9    God:    Xom [..*...]
Gold:   17         SH:  3    Dex: 11    Spells: 2/2 levels left

rFire   . . .        a - +0 mace (chaos)
rCold   . . .        k - +0 buckler
rNeg    . . .        b - +2 leather armour
rPois   .            (helmet restricted)
rElec   .            (no cloak)
rCorr   .            f - +2 pair of gloves
SInv    .            (no boots)
Will    .....        (no amulet)
Stlth   +            (no ring)
HPRegen 0.25/turn    (no ring)
MPRegen 0.08/turn

%: no passive effects
@: mighty
A: horns 2, retaliatory headbutt
a: Renounce Religion


You were on level 2 of the Dungeon.
You worshipped Xom.
You were a toy of Xom.
You visited 1 branch of the dungeon, and saw 2 of its levels.

You collected 87 gold pieces.
You spent 70 gold pieces at shops.

Inventory:

Hand Weapons
 a - a +0 mace of chaos (weapon)
Missiles
 j - 4 javelins
Armour
 b - a +2 leather armour (worn)
 f - a +2 pair of gloves (worn)
 k - a +0 buckler (worn)
Scrolls
 d - a scroll of identify {unknown}
 h - a scroll of fog {unknown}
 l - a scroll of magic mapping {unknown}
 m - a scroll of blinking {unknown}
 o - a scroll of enchant armour {unknown}
Potions
 e - 3 potions of attraction {unknown}
 g - 2 potions of resistance {unknown}
 i - a potion of magic {unknown}
 n - a potion of heal wounds
 p - a potion of haste {unknown}
Miscellaneous
 c - a piece from Xom's chessboard (15/15) (quivered)


   Skills:
 + Level 4.0 Fighting
 + Level 4.7 Maces & Flails
 + Level 3.0 Armour
 + Level 1.3 Dodging
 + Level 0.1 Stealth


You had 2 spell levels left.
You didn't know any spells.
Your spell library was empty.

Dungeon Overview and Level Annotations

Branches:
Dungeon (2/15)

Altars:

Shops:
D:2 !

Annotations:
D:2 Crazy Yiuf


Innate Abilities, Weirdness & Mutations

You have a pair of horns on your head.
You reflexively headbutt those who attack you in melee.


Message History

You completely miss the adder. Your headbutt misses the adder.
The adder is heavily wounded.
The adder bites you but does no damage.
You hit the adder but do no damage.
Space warps horribly around the adder!
You kill the adder!
e - 3 viscous green potions (gained 1)
Found a stone staircase leading down.
You see here 5 stones.
There is a stone staircase leading down here.
p - an inky potion
Found a hammer.
Found a runed translucent door.
Crazy Yiuf shouts!
Crazy Yiuf says, "One may say the eternal mystery of the world is its comprehensibility."
You open the door. You closely miss Crazy Yiuf.
Crazy Yiuf grits, "Shower action Hive!"
Crazy Yiuf hits you but does no damage.
You feel very mighty all of a sudden.
Xom is highly amused!
You sock Crazy Yiuf!
Crazy Yiuf is moving more slowly.
Crazy Yiuf is heavily wounded.
You block Crazy Yiuf's attack.
You hit Crazy Yiuf.
Crazy Yiuf changes into a shapeshifter!
Xom thinks this is hilarious!
Your headbutt misses Crazy Yiuf.
Xom smirks.
You detect items!
Crazy Yiuf the shapeshifter changes into a harpy!
You hit Crazy Yiuf. You headbutt Crazy Yiuf!
Crazy Yiuf is severely wounded.
Crazy Yiuf claws you! Crazy Yiuf claws you. Crazy Yiuf claws you!
Crazy Yiuf closely misses you.
There is an open translucent door, spattered with blood here.
Things that are here:
a +4 quarterstaff of chaos; a +0 cloak Crazy Yiuf claws you!
* * * LOW HITPOINT WARNING * * *
Crazy Yiuf claws you!
You die...
Xom titters!

.#.#.......#
#....# #.#
.#.#.......#
##...#
#######.#
.#.#.......#
##.##
#.....#.#
.#.#.......#
##.#
#####.#.#
.#.#.......#
#.##
#####.#.#
...........#
##.#
#.......#
.#.#.......#
#.##
#.......#
.#.#.......#
##)##
#.......#
...#.......#
#.@.#
#.....#.#
#####...####
#.H.#
#..####.#
........#
#)..# ##.##
#.####
#######.#
#####
#..###.....
#.#
##..#######
#.# ########
##.# ## #.#
#......#
#.## #. #.#
#......#
#..### #.
#.# #......#
##...###.


You could see Crazy Yiuf the harpy shaped shifter.

Vanquished Creatures
  An adder (D:2)
  2 ball pythons (D:1)
  3 endoplasms (D:1)
  2 giant cockroaches
  4 goblins
  3 hobgoblins
  5 kobolds (D:1)
  A quokka (D:1)
  2 bats (D:1)
  2 frilled lizards
  4 rats
29 creatures vanquished.

Notes
Turn   | Place    | Note
-------+----------+-------------------------------------------
     0 | D:1      | JMMCWHIRT the Minotaur Chaos Knight began the quest for the
                  | Orb.
     0 | D:1      | Reached XP level 1. HP: 19/19 MP: 0/0
   315 | D:1      | Reached XP level 2. HP: 27/27 MP: 1/1
   389 | D:1      | Found a faded altar of an unknown god.
   819 | D:1      | XOM: divination: magic mapping
   943 | D:2      | Reached XP level 3. HP: 29/33 MP: 2/2
  1103 | D:2      | Found Soghocug's Distillery.
  1131 | D:2      | Bought a potion of heal wounds for 70 gold pieces
  1416 | D:2      | Found a runed translucent door.
  1417 | D:2      | Noticed Crazy Yiuf
  1423 | D:2      | Crazy Yiuf changed into Crazy Yiuf the shapeshifter
  1423 | D:2      | Noticed Crazy Yiuf (shapeshifter)
  1423 | D:2      | XOM: divination: detect items
  1423 | D:2      | Crazy Yiuf the shapeshifter changed into Crazy Yiuf the
                  | harpy
  1423 | D:2      | Noticed Crazy Yiuf (shapeshifter)
  1426 | D:2      | Mangled by Crazy Yiuf the harpy (shapeshifter)

Illustrated notes

Levels and vault maps discovered:
D:1:      evilmike_arrival_plus, layout_loops_ring,
          ebering_ecumenical_altar_rust
D:2:      layout_basic, serial_shops, shop, uniq_crazy_yiuf_cottage

Skill      XL: |  1  2  3 |
---------------+----------+-----
Maces & Flails | 4 |  4.7
Armour         | 3 |  3.0
Fighting       | 4 |  4.0
Dodging        | |  1.3
Stealth        | |  0.1

Action                     || total
---------------------------++-------
  Melee: Mace              ||    72
         Headbutt          ||     8
 Armour: Leather armour    ||    37
  Dodge: Dodged            ||    43
  Block: Buckler           ||     3
